AoeStats
← Canek

Arena

510044170Analyzed
3v3 RM · 3d ago on Sep 29, 2026· 45m 4s· 6 players
Game mode
Random Map
Map size
Normal (6 player)
Population
200
Speed
Normal
Resources
Standard
Victory
Conquest
Starting age
Dark Age
Ending age
Imperial Age
RankedLock teamsTeams togetherTeam positionsShared explorationLock speedFull tech treeHidden civsTurbo modeCheats
Victory
Defeat
🇨🇳 Britons · China
1156
+14
🇲🇽 Italians · Mexico
1143
+15
🇮🇳 Varangians · India
1141
+15
🇲🇽 Spanish · Mexico
1170
-17
🇲🇽 Bohemians · Mexico
1135
-15
🇲🇽 Burgundians · Mexico
1062
-12
War Hero
10:02 Feudal Age
14:41 Castle Age
12:31 Double-Bit Axe
12:29 Horse Collar
15:52 Bow Saw
16:15 Heavy Plow
24:53 Wheelbarrow
29:22 Imperial Age
27:39 Fletching
27:55 Scale Barding Armor
28:01 Forging
27:43 Loom
27:44 Town Watch
28:39 Gold Mining
28:41 Stone Mining
29:40 Hand Cart
29:40 Bloodlines
29:31 Husbandry
30:49 Iron Casting
30:40 Chain Barding Armor
30:24 Husbandry
32:44 Blast Furnace
32:19 Plate Barding Armor
32:11 Bodkin Arrow
32:44 Conscription
32:02 Elite Skirmisher
34:30 Bracer
34:52 Ballistics
35:32 Chemistry
36:36 Elite Jarl
37:37 Padded Archer Armor
37:37 Scale Mail Armor
38:50 Gothikon
38:51 Vendel Legacy
40:02 Arson
40:18 Squires
40:03 Gambesons
41:11 Town Patrol
40:58 Elite Varangian Guard
43:05 Leather Archer Armor
43:05 Chain Mail Armor
43:56 Stone Shaft Mining
44:57 Plate Mail Armor
adalbert01997
11:46 Feudal Age
16:04 Castle Age
14:47 Double-Bit Axe
14:45 Horse Collar
15:36 Gold Mining
15:45 Stone Mining
17:47 Bow Saw
17:56 Loom
20:52 Fletching
23:14 Bodkin Arrow
24:57 Padded Archer Armor
26:28 Leather Archer Armor
29:24 Ballistics
32:40 Imperial Age
32:50 Wheelbarrow
33:23 Silk Road
32:56 Elite Genoese Crossbowman
33:55 Bracer
35:20 Caravan
36:30 Conscription
37:43 Chemistry
41:13 Squires
41:28 Forging
44:45 Iron Casting
44:11 Scale Mail Armor
xygogo
9:56 Feudal Age
11:56 Double-Bit Axe
11:55 Horse Collar
15:11 Castle Age
17:55 Bow Saw
17:52 Heavy Plow
21:34 Wheelbarrow
22:50 Gold Mining
23:30 Stone Mining
24:59 Fletching
25:49 Gold Shaft Mining
26:08 Bodkin Arrow
29:45 Imperial Age
27:04 Loom
28:23 Padded Archer Armor
30:20 Hand Cart
29:50 Town Watch
30:45 Ballistics
30:06 Treadmill Crane
30:32 Bracer
30:48 Leather Archer Armor
31:19 Conscription
32:11 Chemistry
31:18 Town Patrol
31:23 Warwolf
30:59 Elite Longbowman
31:50 Warwolf
32:17 Yeomen
32:41 Ring Archer Armor
32:50 Yeomen
32:57 Siege Engineers
33:47 Yeomen
33:43 Arrowslits
33:49 Guard Tower
34:01 Capped Ram
36:54 Keep
36:16 Murder Holes
37:40 Pikeman
38:22 Squires
38:07 Arson
38:09 Halberdier
40:16 Guilds
40:36 Coinage
40:07 Scale Mail Armor
40:18 Forging
42:51 Chain Mail Armor
43:12 Iron Casting
43:09 Banking
Canek
11:02 Feudal Age
12:30 Loom
15:46 Castle Age
13:59 Horse Collar
16:39 Heavy Plow
16:26 Double-Bit Axe
18:42 Gold Mining
19:46 Fervor
21:00 Bow Saw
23:49 Sanctity
25:35 Husbandry
25:45 Bloodlines
28:09 Stone Mining
28:59 Wheelbarrow
30:58 Imperial Age
29:33 Forging
29:28 Scale Barding Armor
30:22 Hand Cart
31:27 Iron Casting
31:41 Stone Shaft Mining
31:29 Cavalier
32:35 Chain Barding Armor
33:32 Paladin
35:40 Plate Barding Armor
36:00 Conscription
36:59 Blast Furnace
38:16 Chemistry
37:36 Ballistics
37:49 Fletching
38:00 Scale Mail Armor
39:02 Town Watch
41:24 Hoardings
skorge_13
4:17 Loom
7:06 Loom
9:45 Feudal Age
15:13 Castle Age
14:10 Fletching
14:21 Padded Archer Armor
14:35 Double-Bit Axe
20:24 Fervor
21:26 Sanctity
25:17 Wheelbarrow
25:40 Bodkin Arrow
25:45 Padded Archer Armor
28:46 Imperial Age
27:26 Ballistics
27:25 Redemption
27:12 Bodkin Arrow
27:17 Padded Archer Armor
27:45 Crossbowman
29:33 Fortified Wall
29:07 Arbalester
29:37 Pikeman
31:45 Bow Saw
31:51 Squires
31:38 Horse Collar
35:05 Husbandry
34:26 Light Cavalry
36:53 Chemistry
35:43 Onager
38:50 Hand Cart
arq_lobo
5:05 Double-Bit Axe
11:39 Feudal Age
10:30 Horse Collar
16:35 Castle Age
17:15 Heavy Plow
17:36 Husbandry
19:01 Gold Mining
19:54 Wheelbarrow
20:30 Cavalier
21:24 Scale Barding Armor
21:21 Loom
24:19 Chain Barding Armor
30:53 Imperial Age
28:50 Bow Saw
31:50 Two-Man Saw
31:04 Fletching
31:15 Padded Archer Armor
31:21 Elite Skirmisher
32:13 Town Watch
32:50 Hand Cart
32:56 Hand Cart
34:10 Chemistry
34:26 Gold Shaft Mining
34:14 Bodkin Arrow
35:12 Ballistics
35:44 Leather Archer Armor
36:36 Crop Rotation
36:42 Fortified Wall
36:15 Treadmill Crane
37:45 Husbandry
37:05 Light Cavalry
38:16 Forging
38:42 Murder Holes
38:58 Masonry
39:42 Bracer
40:18 Iron Casting
Connection lost

Rejoining the realm…

Still unreachable

The connection could not be restored.

Session expired

The server has moved on; the page needs a fresh start.